 Dungeon Crawl Stone Soup version 0.31-a0-164-g2312942fda (webtiles) character file.

Game seed: 15950517057773967817

727 qw the Shooter (level 7, -1/64 HPs)
             Began as a Naga Hunter on June 13, 2023.
             Slain by a hound (4 damage)
             ... on level 5 of the Dungeon.
             The game lasted 00:01:24 (4118 turns).

qw the Shooter (Naga Hunter)                        Turns: 4118, Time: 00:01:24

Health: -1/64      AC:  3    Str: 13    XL:     7   Next: 72%
Magic:  7/7        EV: 11    Int:  9    God:
Gold:   216        SH:  0    Dex: 23    Spells: 6/6 levels left

rFire   . . .        Y - +1 shortbow
rCold   . . .        (shield currently unavailable)
rNeg    . . .        i - +0 robe {Will+}
rPois   +            (no helmet)
rElec   .            (no cloak)
rCorr   .            (no gloves)
SInv    +            (no barding)
Will    +....        e - amulet of faith
Stlth   ++           g - +6 ring of dexterity
HPRegen 0.30/turn    (no ring)
MPRegen 0.10/turn

%: faith
@: about to teleport, very slow
A: AC +2, large, see invisible, deformed body, poison resistance, slowness 2,
spit poison 1, naga tail 1
a: Spit Poison


You were on level 5 of the Dungeon.
You visited 1 branch of the dungeon, and saw 5 of its levels.
You also visited: Sewer.

You collected 216 gold pieces.


Innate Abilities, Weirdness & Mutations

Your serpentine skin is tough. (AC +2)
You have supernaturally acute eyesight. (SInv)
Armour fits poorly on your strangely shaped body.
Your system is resistant to poisons. (rPois)
You cover ground very slowly.
You can spit poison.
You have a snake-like lower body.


   Skills:
 - Level 4.1 Fighting
 - Level 7.3 Ranged Weapons
 + Level 2.5 Dodging
 - Level 1.5 Stealth


You had 6 spell levels left.
You didn't know any spells.
Your spell library was empty.

Inventory:

Hand Weapons
 Y - a +1 shortbow (weapon)
Armour
 c - a +0 leather armour
 i - a +0 robe of willpower (worn)
Jewellery
 a - an amulet of regeneration
 e - an amulet of faith (around neck)
 g - a +6 ring of dexterity (left hand)
 m - a ring of fire
Scrolls
 k - a scroll of teleportation
 l - a scroll of identify
Potions
 b - a potion of mutation {unknown}
 f - 2 potions of heal wounds
 h - a potion of resistance {unknown}
 j - a potion of haste
 n - a potion of ambrosia {unknown}
 p - a potion of curing {unknown}

Dungeon Overview and Level Annotations

Branches:
Dungeon (5/15)              Sewer (visited)
 Temple: D:4-7

Altars:


Message History

You are engulfed in a cloud of scalding steam.
You shoot an arrow.
The arrow closely misses the steam dragon.
You are engulfed in a cloud of scalding steam.
You have got your breath back.
4113 ||| INVOKING Spit Poison.
Aiming: Spit Poison (1% risk of failure)
Press: ? - help, Shift-Dir - straight line, f/p - steam dragon The splash of poison hits the steam dragon.
The steam dragon is poisoned.
The steam dragon is heavily wounded.
An iguana comes into view.
You shoot an arrow. The iguana hisses angrily.
The arrow hits the steam dragon but does no damage.
The steam dragon is heavily wounded.
The steam dragon misses you.
The steam dragon claws you but does no damage.
You shoot an arrow. The arrow hits the steam dragon.
The steam dragon is severely wounded.
The steam dragon breathes steam at you. The ball of steam hits you.
The hound bites you.
You hear a shout! x2
You shoot an arrow.
The arrow closely misses the steam dragon.
You are engulfed in a cloud of scalding steam.
The hound bites you. The steam dragon barely misses you.
The steam dragon claws you but does no damage.
You shoot an arrow. The arrow hits the steam dragon!
You kill the steam dragon!
You are engulfed in a cloud of scalding steam.
You have got your breath back.
The hound bites you. The hound barely misses you.
Your Ranged Weapons skill increases to level 7!
4118 ||| READING 2 scrolls of teleportation.
As you read the scroll of teleportation, it crumbles to dust.
You feel strangely unstable.
You are engulfed in a cloud of scalding steam.
The hound bites you.
You die...

###~~~~~~.P..
##..~~~~~~~P...
#...~~~~~~~~...
##.#...~~~~~P~..
#......~~P~~~P~P #
#........~~~~~~P #.
#....##.~~P~~~~.
##.####....##.P.~~~~~P
#>.........+..@.~~~~~.
####.##....#.#hJ~~~~~~
#<#.#######.....~~~~P
####.#.# ##..l.~~~~~
.....#.# ###.~~~~~~
..####.# .~~~~~. ..#
#.# ..~~~~~ ..# #.#
...~~~~ ..####.#


You could see an iguana, a hound and a jelly.

Vanquished Creatures
  A steam dragon (D:5)
  3 kobold brigands (Sewer)
  A howler monkey (D:4)
  A jelly (D:4)
  2 hounds (D:4)
  An orc priest (D:4)
  An iguana (D:4)
  2 orc wizards (D:4)
  3 adders
  2 river rats
  A white imp (D:5)
  An ufetubus (D:4)
  2 dart slugs
  11 worms
  A bat (D:3)
  4 endoplasms
  4 giant cockroaches
  10 goblins
  6 hobgoblins
  2 jackals (D:4)
  3 quokkas
  8 ball pythons
  2 frilled lizards (D:1)
  6 kobolds
  11 rats
89 creatures vanquished.

Notes
Turn   | Place    | Note
-------+----------+-------------------------------------------
     0 | D:1      | qw the Naga Hunter began the quest for the Orb.
     0 | D:1      | Reached XP level 1. HP: 19/19 MP: 1/1
     0 | D:1      | 0 ||| qw: Version: 0.2-a-29-gc1b59c4
     0 | D:1      | 0 ||| qw: Game counter: 4610
     0 | D:1      | 0 ||| qw: Always use a shield: true
     0 | D:1      | 0 ||| qw: God list: Okawaru
     0 | D:1      | 0 ||| qw: Allow faded altars: false
     0 | D:1      | 0 ||| qw: Do Orc after D:15 true
     0 | D:1      | 0 ||| qw: Do second Lair branch before Depths: true
     0 | D:1      | 0 ||| qw: Lair rune preference: random
     0 | D:1      | 0 ||| qw: Plans: Normal
     0 | D:1      | 0 ||| PLANNING D:1-11
    62 | D:1      | 62 ||| INVOKING Spit Poison.
   229 | D:1      | 229 ||| INVOKING Spit Poison.
   403 | D:1      | 403 ||| INVOKING Spit Poison.
   428 | D:1      | 428 ||| INVOKING Spit Poison.
   686 | D:1      | 686 ||| INVOKING Spit Poison.
   687 | D:1      | Reached skill level 4 in Ranged Weapons
   687 | D:1      | Reached XP level 2. HP: 26/26 MP: 2/2
   769 | D:1      | 769 ||| UPGRADING to amulet of faith.
   774 | D:1      | 774 ||| UPGRADING to +6 ring of dexterity.
   775 | D:1      | 775 ||| READING 3 scrolls labelled ASUC NOESCH.
   776 | D:1      | 776 ||| DROPPING 2 scrolls of poison.
   777 | D:1      | 777 ||| DROPPING scroll of butterflies.
   789 | D:2      | 789 ||| INVOKING Spit Poison.
   794 | D:2      | 794 ||| INVOKING Spit Poison.
   799 | D:2      | 799 ||| INVOKING Spit Poison.
   802 | D:2      | 802 ||| INVOKING Spit Poison.
   904 | D:2      | 904 ||| INVOKING Spit Poison.
   955 | D:2      | 955 ||| INVOKING Spit Poison.
  1204 | D:2      | 1204 ||| INVOKING Spit Poison.
  1210 | D:2      | 1210 ||| INVOKING Spit Poison.
  1435 | D:2      | 1435 ||| READING scroll labelled NEIBA CUOMNUN.
  1536 | D:2      | 1536 ||| READING scroll labelled PASIDI IKAI.
  1537 | D:2      | 1537 ||| READING scroll labelled NEUMUR SAPAMP.
  1538 | D:2      | 1538 ||| DRINKING 2 fizzy amethyst potions.
  1564 | D:2      | 1564 ||| DROPPING potion of lignification.
  1570 | D:3      | 1570 ||| PLANNING SEWER
  1586 | D:3      | 1586 ||| FLEEEEING.
  1587 | D:3      | 1587 ||| INVOKING Spit Poison.
  1589 | D:3      | Reached XP level 3. HP: 30/32 MP: 3/3
  1608 | D:3      | 1608 ||| INVOKING Spit Poison.
  1622 | D:3      | 1622 ||| INVOKING Spit Poison.
  1629 | D:3      | 1629 ||| INVOKING Spit Poison.
  1632 | D:3      | 1632 ||| INVOKING Spit Poison.
  1646 | D:3      | 1646 ||| INVOKING Spit Poison.
  1650 | D:3      | 1650 ||| INVOKING Spit Poison.
  1656 | D:3      | 1656 ||| INVOKING Spit Poison.
  1657 | D:3      | HP: 2/32 [river rat (7)]
  1780 | D:3      | Found a glowing drain.
  1789 | Sewer    | Entered a sewer
  1861 | Sewer    | 1861 ||| INVOKING Spit Poison.
  1918 | Sewer    | 1918 ||| INVOKING Spit Poison.
  1936 | Sewer    | 1936 ||| INVOKING Spit Poison.
  1941 | Sewer    | Reached skill level 5 in Ranged Weapons
  1943 | Sewer    | 1943 ||| INVOKING Spit Poison.
  1945 | Sewer    | Reached XP level 4. HP: 39/39 MP: 4/4
  2050 | Sewer    | 2050 ||| INVOKING Spit Poison.
  2055 | Sewer    | 2055 ||| INVOKING Spit Poison.
  2069 | Sewer    | 2069 ||| INVOKING Spit Poison.
  2122 | Sewer    | 2122 ||| INVOKING Spit Poison.
  2199 | Sewer    | Noticed a kobold brigand
  2199 | Sewer    | Noticed a kobold brigand
  2202 | Sewer    | 2202 ||| INVOKING Spit Poison.
  2206 | Sewer    | 2206 ||| INVOKING Spit Poison.
  2210 | Sewer    | Killed a kobold brigand
  2211 | Sewer    | Reached skill level 3 in Fighting
  2211 | Sewer    | Reached XP level 5. HP: 40/50 MP: 5/5
  2212 | Sewer    | 2212 ||| INVOKING Spit Poison.
  2219 | Sewer    | 2219 ||| INVOKING Spit Poison.
  2220 | Sewer    | Killed a kobold brigand
  2300 | Sewer    | 2300 ||| INVOKING Spit Poison.
  2303 | Sewer    | Reached XP level 6. HP: 57/57 MP: 6/6
  2316 | Sewer    | 2316 ||| INVOKING Spit Poison.
  2322 | Sewer    | 2322 ||| INVOKING Spit Poison.
  2327 | Sewer    | 2327 ||| INVOKING Spit Poison.
  2383 | Sewer    | 2383 ||| READING scroll labelled CENTIQ HUOJI.
  2386 | Sewer    | 2386 ||| READING scroll labelled PIAKLO ECVEU.
  2401 | D:3      | 2401 ||| PLANNING D:1-11
  2428 | D:3      | 2428 ||| INVOKING Spit Poison.
  2431 | D:3      | 2431 ||| INVOKING Spit Poison.
  2474 | D:3      | 2474 ||| INVOKING Spit Poison.
  2480 | D:3      | 2480 ||| INVOKING Spit Poison.
  2483 | D:3      | 2483 ||| INVOKING Spit Poison.
  2487 | D:3      | 2487 ||| INVOKING Spit Poison.
  2533 | D:3      | 2533 ||| INVOKING Spit Poison.
  2563 | D:3      | 2563 ||| INVOKING Spit Poison.
  2656 | D:3      | 2656 ||| INVOKING Spit Poison.
  2660 | D:3      | 2660 ||| INVOKING Spit Poison.
  2881 | D:3      | 2881 ||| READING scroll labelled JEICE DOUSAITA.
  2882 | D:3      | 2882 ||| DRINKING 3 pink potions.
  2883 | D:3      | 2883 ||| DRINKING 2 fuming orange potions.
  2956 | D:4      | 2956 ||| INVOKING Spit Poison.
  2960 | D:4      | 2960 ||| INVOKING Spit Poison.
  3145 | D:4      | 3145 ||| INVOKING Spit Poison.
  3151 | D:4      | 3151 ||| INVOKING Spit Poison.
  3157 | D:4      | 3157 ||| INVOKING Spit Poison.
  3162 | D:4      | Reached skill level 6 in Ranged Weapons
  3211 | D:4      | 3211 ||| INVOKING Spit Poison.
  3216 | D:4      | Reached XP level 7. HP: 61/64 MP: 7/7
  3357 | D:4      | 3357 ||| INVOKING Spit Poison.
  3362 | D:4      | 3362 ||| INVOKING Spit Poison.
  3449 | D:4      | 3449 ||| INVOKING Spit Poison.
  3456 | D:4      | 3456 ||| INVOKING Spit Poison.
  3561 | D:4      | 3561 ||| INVOKING Spit Poison.
  3662 | D:4      | 3662 ||| INVOKING Spit Poison.
  3670 | D:4      | 3670 ||| INVOKING Spit Poison.
  3675 | D:4      | 3675 ||| INVOKING Spit Poison.
  3683 | D:4      | 3683 ||| INVOKING Spit Poison.
  3941 | D:4      | 3941 ||| UPGRADING to +0 robe of willpower.
  3951 | D:4      | 3951 ||| READING scroll labelled RUKO CUECATH.
  3952 | D:4      | 3952 ||| DRINKING 2 glowing grey potions.
  3953 | D:4      | 3953 ||| DROPPING potion of magic.
  3970 | D:5      | Entered Level 5 of the Dungeon
  3974 | D:5      | 3974 ||| Stepping ~*~*~tactically~*~*~ (outnumbered).
  3975 | D:5      | 3975 ||| INVOKING Spit Poison.
  3978 | D:5      | 3978 ||| STAIRDANCE
  3980 | D:4      | 3980 ||| INVOKING Spit Poison.
  3983 | D:4      | 3983 ||| INVOKING Spit Poison.
  4099 | D:5      | 4099 ||| INVOKING Spit Poison.
  4106 | D:5      | Noticed a steam dragon
  4109 | D:5      | 4109 ||| INVOKING Spit Poison.
  4113 | D:5      | 4113 ||| INVOKING Spit Poison.
  4117 | D:5      | Killed a steam dragon
  4117 | D:5      | HP: 10/64 [something (9)]
  4118 | D:5      | Reached skill level 7 in Ranged Weapons
  4118 | D:5      | 4118 ||| READING 2 scrolls of teleportation.
  4118 | D:5      | HP: 3/64 [something (5)]
  4118 | D:5      | Slain by a hound

Levels and vault maps discovered:
D:1:      psy_arrival_whirlpool, layout_basic
D:2:      layout_loops_ring, chequers_serial_rivers_micro_b
D:3:      layout_basic, cheibrodos_sewer_entry_sluice
D:4:      layout_basic, minmay_goblin_outpost
D:5:      layout_basic, chequers_big_river, nicolae_nh_oracle_at_delphi,
          uniq_eustachio, uniq_pikel

Skill      XL: |  1  2  3  4  5  6  7 |
---------------+----------------------+-----
Ranged Weapons | 4 5 6 7 |  7.3
Fighting       | 3 4 |  4.1
Dodging        | 2 |  2.5
Stealth        | |  1.5

Action                     |  1- 3 |  4- 6 |  7- 9 || total
---------------------------+-------+-------+-------++-------
   Fire: Shortbow          |    77 |   110 |    49 ||   236
Ability: Spit Poison       |    25 |    28 |    15 ||    68
    Use: Scroll            |     4 |     3 |     2 ||     9
         Potion            |     1 |     2 |     1 ||     4
 Armour: Leather armour    |     1 |     5 |     2 ||     8
         Robe              |       |       |     6 ||     6
  Dodge: Dodged            |     4 |    15 |    15 ||    34

Table legend:
 A = Non-vault XP
 B = Vault XP
 C = Vault XP percentage of total XP
 D = Non-vault monster count
 E = Vault monster count
 F = Vault count percentage of total count
                 A         B        C        D         E       F
            +---------+---------+-------+---------+---------+-------
      Total |     629 |     410 |  39.5 |      50 |      39 |  43.8
            +---------+---------+-------+---------+---------+-------
        D:1 |      10 |       0 |   0.0 |       7 |       0 |   0.0
        D:2 |      23 |       0 |   0.0 |       8 |       0 |   0.0
        D:3 |      42 |      18 |  30.0 |      17 |       2 |  10.5
        D:4 |     350 |      18 |   4.9 |      15 |       9 |  37.5
        D:5 |     204 |       0 |   0.0 |       3 |       0 |   0.0
      Sewer |       0 |     374 | 100.0 |       0 |      28 | 100.0
            +---------+---------+-------+---------+---------+-------
